 Dungeon Crawl Stone Soup version 0.18.1-1-g2f07953 (webtiles) character file.

14658 lightmor the Severer (level 11, -3/101 HPs)
             Began as a Minotaur Berserker on May 7, 2016.
             Was a High Priest of Trog.
             Slain by an orc warrior
             ... wielding a +0 halberd
              (10 damage)
             ... in a bailey.
             The game lasted 00:28:20 (12132 turns).

lightmor the Severer (Minotaur Berserker)          Turns: 12132, Time: 00:28:20

Health: -3/101     AC: 12    Str: 35    XL:     11   Next: 91%
Magic:  3/3        EV: 16    Int:  4    God:    Trog [*****.]
Gold:   911        SH:  0    Dex: 12    Spells: 0 memorised, 10 levels left

rFire  + . .     SeeInvis .     a - +7 executioner's axe (antimagic)
rCold  . . .     Gourm    .     F - +3 leather armour "Vogo Ith" {Str+7}
rNeg   . . .     Faith    +     (shield currently unavailable)
rPois  .         Spirit   .     (helmet restricted)
rElec  .         Dismiss  .     I - +1 cloak
rCorr  .         Reflect  .     d - +0 pair of gloves
SustAt .         Harm     .     t - +0 pair of boots
MR     ++...                    r - amulet of faith
Stlth  +.........               A - ring of Bodily Harmony {+Fly rF+ Slay+2}
                                q - +5 ring of strength

@: regenerating, very resistant to hostile enchantments, very unstealthy
A: retaliatory headbutt, horns 2
a: Berserk, Trog's Hand, Brothers in Arms, Burn Spellbooks, Renounce Religion,
Evoke Flight


You were in a bailey.
You worshipped Trog.
Trog was extremely pleased with you.
You were not hungry.

You visited 2 branches of the dungeon, and saw 13 of its levels.
You also visited: Bailey.

You collected 911 gold pieces.

Inventory:

Hand Weapons
 a - a +7 antimagic executioner's axe (weapon)
 J - a +0 broad axe of venom
Armour
 d - a +0 pair of gloves (worn)
 t - a +0 pair of boots (worn)
 F - the +3 leather armour "Vogo Ith" (worn) {Str+7}
   (You found it on level 10 of the Dungeon)

   It affects your strength (+7).
 I - a +1 cloak (worn)
Rods
 C - a +1 rod of inaccuracy (14/14)
   (You found it on level 8 of the Dungeon)
Jewellery
 q - a +5 ring of strength (left hand)
 r - an amulet of faith (around neck)
 u - an uncursed ring of protection from fire
 w - a +4 ring of evasion
 A - the ring of Bodily Harmony (right hand) {+Fly rF+ Slay+2}
   (You found it on level 8 of the Dungeon)

   [ring of flight]

   It affects your accuracy and damage with ranged weapons and melee attacks
   (+2).
   It protects you from fire.
   It lets you fly.
 L - a +3 ring of slaying
Wands
 b - a wand of flame (36/48)
 z - a wand of lightning (8/15)
 B - a wand of random effects (21/48)
 G - a wand of iceblast (8/15)
 M - a wand of paralysis (14/24)
 N - a wand of iceblast (5/15)
Scrolls
 e - a scroll of fear
 f - 4 scrolls of amnesia
 l - a scroll of enchant armour
 m - a scroll of immolation
 n - 2 scrolls of teleportation
 x - 2 scrolls of recharging
Potions
 h - 7 potions of curing
 i - 5 potions of heal wounds
 k - 3 potions of magic
 p - 3 potions of brilliance
 s - 3 potions of resistance
 v - 2 potions of agility {unknown}
 E - 2 potions of mutation {unknown}
 H - a potion of lignification {unknown}
Books
 y - a book of Alchemy

   Spells                             Type                      Level
   a - Sublimation of Blood           Necromancy                   2
   b - Ignite Poison                  Fire/Transmutation/Poison    3
   c - Petrify                        Transmutation/Earth          4
   d - Alistair's Intoxication        Transmutation/Poison         5
   e - Irradiate                      Conjuration/Transmutation    5
   Trog disapproves of the use of such an item.
Comestibles
 c - 9 bread rations
 g - 4 beef jerkies
 j - 10 fruits
 D - 3 meat rations
 K - a royal jelly


   Skills:
 + Level 10.7 Fighting
 - Level 15.0 Axes
 + Level 10.4 Armour
 + Level 9.5 Dodging


You had 10 spell levels left.
You didn't know any spells.

Dungeon Overview and Level Annotations

Branches:
Dungeon (12/15)            Temple (0/1) D:6            Lair (0/8) D:9
    Orc (1/2) D:12

Altars:
Gozag
Pakellas
Vehumet
Yredelemnul
Zin
Beogh

Shops:
D:5 }   D:7 :


Innate Abilities, Weirdness & Mutations

You reflexively headbutt those who attack you in melee.
You have a pair of horns on your head.


Message History

Your ogre hits the orc warrior with a giant club!!
The orc warrior dies!
Trog accepts your kill.
You see here a bolt.
You chop the orc warrior into pieces!!!
You kill the orc warrior!
Trog accepts your kill.
The orc warrior shoots a bolt.
The bolt hits your ogre!
The orc warrior hits you from afar with a halberd.
* * * LOW HITPOINT WARNING * * *
Unknown command.
Your ogre closely misses the orc warrior.
Your ogre closely misses the orc warrior.
The orc warrior shoots a bolt.
The bolt barely misses your ogre. The bolt closely misses you.
The orc warrior closely misses you.
Your ogre closely misses the orc warrior.
The orc warrior shoots a bolt.
The bolt hits you!!
* * * LOW HITPOINT WARNING * * *
The orc warrior hits you with a halberd!
You die...

### #### ##∩##
#####
....##...##.....
≈≈≈..#...#..≈≈≈.
≈o≈≈.......≈≈o≈≈
ooo≈.......≈ooo≈
≈o≈≈...o...≈≈o≈≈
#.O@# #.((#
##∩## ###


You could see 5 orc warriors, 5 orcs and a friendly ogre (berserk).

Vanquished Creatures
  The ghost of Chiseanne the Prestidigitator, a journeyman OgAE of Kikubaaqudgha (Bailey)
  The ghost of Mrmini23 the Cleaver, a novice HOGl of Beogh (Bailey)
  An unseen horror (D:12)
  4 hill giants
  A manticore (D:12)
  3 centaur skeletons
  A troll (D:9)
  A two-headed ogre (D:11)
  5 slime creatures (D:12)
  2 wraiths
  A wyvern (D:12)
  3 hippogriffs
  A hungry ghost (D:8)
  2 vampire mosquitoes (D:12)
  A mottled dragon (D:12)
  A water moccasin (D:6)
  A wasp (D:9)
  2 necrophages
  12 orc warriors
  A sky beast (D:8)
  An ice beast (D:8)
  2 black bears
  A phantom (D:9)
  9 ogres
  4 centaurs
  6 giant frogs
  A wyvern skeleton (D:11)
  6 scorpions
  5 killer bees (D:12)
  11 wights
  5 howler monkeys
  8 crimson imps
  5 centaur zombies
  A giant frog zombie (D:11)
  6 hounds
  9 orc wizards
  8 orc priests
  3 human zombies (D:8)
  4 jellies
  A giant frog skeleton (D:7)
  4 iguanas
  2 human skeletons (D:8)
  6 worker ants
  An ogre zombie (D:8)
  2 hound zombies
  A hound skeleton (D:7)
  A mummy (D:8)
  8 gnolls
  7 adders
  5 shadow imps
  An adder zombie (D:8)
  An adder skeleton (D:4)
  4 worms
  9 giant geckos
  39 orcs
  3 giant cockroaches
  11 goblins
  6 hobgoblins
  15 jackals
  6 kobolds
  2 quokkas
  A ball python (D:1)
  5 bats
  2 giant gecko skeletons (D:4)
  8 giant newts
  An orc zombie (D:8)
  2 quokka skeletons (D:5)
  A quokka zombie (D:5)
  5 rats
  3 fungi (D:9)
  A plant (D:9)
304 creatures vanquished.

Vanquished Creatures (collateral kills)
  An orc warrior (Bailey)
1 creature vanquished.

Vanquished Creatures (others)
  A hippogriff (D:9)
  An ice beast (D:9)
  2 fungi (D:9)
  A plant (D:9)
5 creatures vanquished.

Grand Total: 310 creatures vanquished

Notes
Turn   | Place    | Note
--------------------------------------------------------------
     0 | D:1      | lightmor the Minotaur Berserker began the quest for the Orb.
     0 | D:1      | Reached XP level 1. HP: 19/19 MP: 0/0
    92 | D:1      | Reached skill level 4 in Axes
    96 | D:1      | Reached XP level 2. HP: 9/26 MP: 1/1
   469 | D:1      | Reached skill level 5 in Axes
   546 | D:1      | Reached XP level 3. HP: 25/31 MP: 2/2
   553 | D:1      | Reached ** piety under Trog
  1564 | D:2      | Reached XP level 4. HP: 39/39 MP: 3/3
  1937 | D:3      | Reached skill level 6 in Axes
  2260 | D:3      | Found a glowing silver altar of Zin.
  2260 | D:3      | Found an opulent altar of Gozag.
  2274 | D:3      | Reached *** piety under Trog
  2548 | D:4      | Reached XP level 5. HP: 45/45 MP: 4/4
  2580 | D:4      | Reached skill level 7 in Axes
  3049 | D:4      | Reached skill level 8 in Axes
  3200 | D:4      | Reached XP level 6. HP: 47/51 MP: 5/5
  3264 | D:4      | Reached skill level 9 in Axes
  3498 | D:5      | Entered Level 5 of the Dungeon
  3865 | D:5      | Reached XP level 7. HP: 55/57 MP: 6/6
  4145 | D:5      | Reached skill level 10 in Axes
  4164 | D:5      | Found Gakouro's Gadget Emporium.
  4168 | D:5      | Reached **** piety under Trog
  4833 | D:6      | Reached skill level 11 in Axes
  4894 | D:6      | Reached XP level 8. HP: 10/64 MP: 7/7
  5585 | D:6      | Reached skill level 12 in Axes
  5910 | D:6      | Found a staircase to the Ecumenical Temple.
  6403 | D:7      | Found Wacked's Book Emporium.
  6657 | D:7      | Reached skill level 13 in Axes
  7142 | D:8      | Got a twitching glass ring
  7144 | D:8      | Identified the ring of Bodily Harmony {+Fly rF+ Slay+2} (You found it on level 8 of the Dungeon)
  7181 | D:8      | Found an oddly glowing altar of Pakellas.
  7255 | D:8      | Reached XP level 9. HP: 65/70 MP: 8/8
  7344 | D:8      | Reached skill level 14 in Axes
  7453 | D:8      | Reached ***** piety under Trog
  7480 | D:8      | Identified a +1 rod of inaccuracy (14/14) (You found it on level 8 of the Dungeon)
  7763 | D:8      | Reached skill level 15 in Axes
  7850 | D:8      | Found a basalt altar of Yredelemnul.
  8142 | D:8      | Reached skill level 5 in Fighting
  8307 | D:9      | Received a gift from Trog
  8403 | D:9      | Found a staircase to the Lair.
  8471 | D:9      | Found a radiant altar of Vehumet.
  8516 | D:9      | Reached skill level 5 in Armour
  8516 | D:9      | Reached XP level 10. HP: 51/83 MP: 3/9
  8988 | D:9      | Reached skill level 5 in Dodging
  9150 | D:10     | Entered Level 10 of the Dungeon
  9154 | D:10     | Noticed a hill giant
  9159 | D:10     | Killed a hill giant
  9219 | D:10     | Noticed a hill giant
  9221 | D:10     | Got a fine leather armour
  9223 | D:10     | Killed a hill giant
  9234 | D:10     | Identified the +3 leather armour "Vogo Ith" {Str+7} (You found it on level 10 of the Dungeon)
  9501 | D:10     | Noticed a hill giant
  9506 | D:10     | Killed a hill giant
  9923 | D:11     | Noticed a hill giant
  9929 | D:11     | Killed a hill giant
 10099 | D:11     | Reached XP level 11. HP: 54/95 MP: 3/10
 10231 | D:11     | Found a roughly hewn altar of Beogh.
 10802 | D:12     | Received a gift from Trog
 11436 | D:12     | Killed an unseen horror
 11436 | D:12     | Reached skill level 10 in Fighting
 11519 | D:12     | Found a staircase to the Orcish Mines.
 11724 | Orc:1    | Entered Level 1 of the Orcish Mines
 11726 | Orc:1    | Reached skill level 10 in Armour
 12080 | Orc:1    | Found a flagged portal.
 12100 | Bailey   | Entered a bailey
 12102 | Bailey   | Noticed Mrmini23's ghost (novice HOGl)
 12107 | Bailey   | Noticed Chiseanne's ghost (journeyman OgAE)
 12116 | Bailey   | Killed Mrmini23's ghost
 12125 | Bailey   | Killed Chiseanne's ghost
 12125 | Bailey   | HP: 3/101 [orc warrior/halberd (18)]
 12132 | Bailey   | Slain by an orc warrior

Skill      XL: |  1  2  3  4  5  6  7  8  9 10 11 |
---------------+----------------------------------+-----
Axes           | 4 5 6 8 9 11 13 15 | 15.0
Fighting       | 5 8 10 | 10.7
Armour         | 5 8 10 | 10.4
Dodging        | 4 7 9 |  9.5

Action                   |  1- 3 |  4- 6 |  7- 9 | 10-12 || total
-------------------------+-------+-------+-------+-------++-------
Melee: Hand axe          |    94 |   144 |   158 |       ||   396
       Headbutt          |    18 |    32 |    56 |    51 ||   157
       Battleaxe         |       |       |    67 |       ||    67
       Executioner's axe |       |       |     9 |   193 ||   202
Invok: Berserk           |     2 |     2 |     4 |     2 ||    10
       Burn Spellbooks   |       |     1 |     1 |       ||     2
       Trog's Hand       |       |       |       |     1 ||     1
       Brothers in Arms  |       |       |       |     1 ||     1
 Abil: Evoke Flight      |       |       |       |     1 ||     1
  Use: Scroll            |     1 |    10 |     7 |     4 ||    22
       Potion            |       |       |     1 |     2 ||     3
 Stab: Sleeping          |     1 |       |     1 |       ||     2
  Eat: Chunk             |     3 |    10 |    20 |    12 ||    45
       Royal jelly       |       |       |       |     1 ||     1
Armor: Animal skin       |    17 |    29 |    28 |     4 ||    78
       Leather armour    |       |       |       |    71 ||    71
Dodge: Dodged            |    52 |    87 |    99 |   145 ||   383
